 Dungeon Crawl Stone Soup version 0.30-a0-883-g5ad918d77d (webtiles) character file.

Game seed: 8675373739963149913

467 Pimp the Shield-Bearer (level 7, -7/56 HPs)
             Began as a Formicid Fighter on Mar 15, 2023.
             Was a Follower of Okawaru.
             Mangled by a troll (17 damage)
             ... on level 5 of the Dungeon.
             The game lasted 00:06:43 (3253 turns).

Pimp the Shield-Bearer (Formicid Fighter)           Turns: 3253, Time: 00:06:44

Health: -7/56      AC:  6    Str: 23    XL:     7   Next: 30%
Magic:  7/7        EV: 10    Int:  7    God:    Okawaru [*.....]
Gold:   195        SH:  6    Dex: 19    Spells: 6/6 levels left

rFire   . . .      SeeInvis +    a - +0 war axe
rCold   + + .      Faith    .    c - +0 buckler
rNeg    . . .      Spirit   .    w - +0 ring mail {rPois}
rPois   +          Reflect  .    (helmet unavailable)
rElec   .          Rampage  .    (no cloak)
rCorr   .                        (no gloves)
Will    .....                    (no boots)
Stlth   +                        (no amulet)
HPRegen 0.29/turn                d - ring "Loamarum" {rC+ Dex+6}
MPRegen 0.10/turn                n - ring of protection from cold

@: no status effects
A: permanent stasis, dig shafts and tunnels, antennae 3, four strong arms
a: Dig, Shaft Self, Renounce Religion, Heroism


You were on level 5 of the Dungeon.
You worshipped Okawaru.
Okawaru was aware of your devotion.
You visited 2 branches of the dungeon, and saw 6 of its levels.

You collected 195 gold pieces.

Inventory:

Hand Weapons
 a - a +0 war axe (weapon)
Armour
 b - a +0 scale mail
 c - a +0 buckler (worn)
 w - a +0 ring mail of poison resistance (worn)
Jewellery
 d - the ring "Loamarum" (left hand) {rC+ Dex+6}
   (You found it on level 3 of the Dungeon)

   [ring of dexterity]

   Dex:       It affects your dexterity (+6).
   rC:        It protects you from cold.
 n - a ring of protection from cold (right hand)
Scrolls
 h - 4 scrolls of identify
 i - 4 scrolls of blinking
 j - 3 scrolls of immolation
 k - 3 scrolls of fear
 o - a scroll of noise {unknown}
 r - a scroll of brand weapon {unknown}
 t - a scroll of enchant weapon {unknown}
 v - a scroll of teleportation {unknown}
Potions
 e - a potion of berserk rage
 f - a potion of degeneration {unknown}
 g - a potion of cancellation {unknown}
 l - 3 potions of haste {unknown}
 m - 3 potions of lignification {unknown}
 p - a potion of ambrosia {unknown}
 q - 3 potions of invisibility {unknown}
 s - a potion of flight {unknown}


   Skills:
 + Level 5.1 Fighting
 + Level 4.0 Axes
 + Level 5.1 Armour
 + Level 6.1 Shields


You had 6 spell levels left.
You didn't know any spells.
Your spell library contained the following spells:

 Spells                   Type           Power      Damage    Failure   Level
 Magic Dart               Conj           0%         1d3       65%         1
 Lesser Beckoning         Tloc           0%         N/A       78%         2
 Searing Ray              Conj           0%         2d4       78%         2
 Gell's Gravitas          Tloc           0%         N/A       95%         3
 Teleport Other           Tloc           0%         N/A       95%         3
 Fulminant Prism          Conj/Hex       0%         3d5       100%        4


Dungeon Overview and Level Annotations

Branches:
Dungeon (5/15)             Temple (1/1) D:4

Altars:
Cheibriados
Elyvilon
Fedhas
Hepliaklqana
Kikubaaqudgha
Makhleb
Okawaru
Qazlal
Sif Muna
Trog
Uskayaw
Vehumet
Wu Jian
Yredelemnul
Zin


Innate Abilities, Weirdness & Mutations

You cannot be hasted, slowed, berserked, paralysed or teleported.
You can dig through walls and to a lower floor.
You have a pair of large antennae on your head. (SInv)
Your four strong arms can wield two-handed weapons with a shield.


Message History

The troll claws you but does no damage.
You slash the troll!
The troll is moderately wounded.
You block the troll's attack. The troll claws you but does no damage.
You block the troll's attack.
You closely miss the troll.
The troll is moderately wounded.
The troll barely misses you. The troll claws you. You block the troll's attack.
The troll bites you but does no damage. You block the troll's attack.
The troll claws you but does no damage.
You hit the troll.
The troll is moderately wounded.
The troll bites you. The troll claws you.
* * * LOW HITPOINT WARNING * * *
The troll claws you!
* * * LOW HITPOINT WARNING * * *
You feel much better. You block the troll's attack. x2
The troll closely misses you.
You hit the troll.
The troll is moderately wounded.
The troll closely misses you. The troll claws you. The troll claws you!
You hit the troll.
The troll is heavily wounded.
The troll barely misses you. You block the troll's attack.
The troll barely misses you. The troll bites you but does no damage.
You block the troll's attack. The troll claws you.
* * * LOW HITPOINT WARNING * * *
You feel much better. You block the troll's attack. The troll claws you. x2
You hit the troll.
The troll is moderately wounded.
The troll barely misses you. The troll claws you. The troll misses you.
You hit the troll.
The troll is heavily wounded.
The troll bites you!
The troll claws you but does no damage. x2
You completely miss the troll.
The troll is moderately wounded.
The troll bites you. The troll claws you!
* * * LOW HITPOINT WARNING * * *
You block the troll's attack. The troll bites you!
You die...

#######.# #### ........# #...
.# .#####..####... #.### ...#
....... .... .#.#
####...####.# .#.#
.......T....######
.#.#############@....#...
.........)...# #.....#.#
#....#######.# #.......#
.....## #.......# ......#
#.......# .#+##.# #.......# #
##.#### #.......# ##.#.....#
..........##
.........##########.....######


You could see a troll.

Vanquished Creatures
  A centaur (D:5)
  The ghost of AverageBear the Ducker, an amateur OpFi (D:3)
  A phantom (D:5)
  A jelly (D:4)
  A gnoll bouda (D:3)
  2 hounds (D:4)
  3 adders
  2 worms (D:2)
  A dart slug (D:2)
  4 orcs
  5 ball pythons
  6 bats
  5 endoplasms
  A giant cockroach (D:3)
  10 hobgoblins
  7 jackals
  5 quokkas
  4 frilled lizards
  8 goblins
  8 kobolds
  6 rats
82 creatures vanquished.

Notes
Turn   | Place    | Note
-------+----------+-------------------------------------------
     0 | D:1      | Pimp the Formicid Fighter began the quest for the Orb.
     0 | D:1      | Reached XP level 1. HP: 18/18 MP: 1/1
   134 | D:1      | Reached XP level 2. HP: 24/24 MP: 2/2
   461 | D:1      | Found a faded altar of an unknown god.
   487 | D:1      | Reached XP level 3. HP: 29/29 MP: 3/3
  1126 | D:2      | Reached XP level 4. HP: 30/37 MP: 4/4
  1290 | D:2      | Identified the +1 cloak of the Garden {Will+ Str+2 Int+4
                  | Dex-3}
  1977 | D:3      | Found a runed translucent door.
  1977 | D:3      | Noticed AverageBear's ghost (amateur OpFi)
  1994 | D:3      | Reached XP level 5. HP: 35/42 MP: 5/5
  1996 | D:3      | Killed AverageBear's ghost
  1997 | D:3      | Reached skill level 5 in Shields
  1997 | D:3      | Reached XP level 6. HP: 42/49 MP: 6/6
  2000 | D:3      | Identified the ring "Loamarum" {rC+ Dex+6}
  2493 | D:4      | Found a staircase to the Ecumenical Temple.
  2547 | D:4      | Found a radiant altar of Vehumet.
  2570 | Temple   | Entered the Ecumenical Temple
  2698 | D:4      | Found a hazy altar of Hepliaklqana.
  2882 | D:4      | Found an iron altar of Okawaru.
  2883 | D:4      | Found a bloodstained altar of Trog.
  2884 | D:4      | Found a burning altar of Makhleb.
  2884 | D:4      | Found a hide-covered altar of Uskayaw.
  2885 | D:4      | Found an ancient bone altar of Kikubaaqudgha.
  2888 | D:4      | Became a worshipper of Warmaster Okawaru
  2953 | D:5      | Entered Level 5 of the Dungeon
  2978 | D:5      | Reached XP level 7. HP: 25/55 MP: 7/7
  3052 | D:5      | Reached skill level 5 in Fighting
  3052 | D:5      | Reached skill level 5 in Armour
  3052 | D:5      | Reached skill level 6 in Shields
  3197 | D:5      | Reached * piety under Okawaru
  3221 | D:5      | Noticed a troll
  3246 | D:5      | HP: 2/56 [troll (12)]
  3253 | D:5      | Mangled by a troll

Illustrated notes

Levels and vault maps discovered:
D:1:      dpeg_arrival_pits, layout_basic, shapermc_ecumenical_altar_hornbeckon
D:2:      layout_loops_ring, minmay_misc_feat_rows, minmay_stone_trees_small
D:3:      layout_rooms, ebering_ghost_inner_flame
D:4:      layout_basic, kennysheep_mini, grunt_temple_overflow_open,
          minmay_temple_entry_wispy
D:5:      layout_basic, ashenzari_altar_1, serial_shops,
          nicolae_shop_behind_doors
Temple:   nicolae_temple_godpark

Skill      XL: |  1  2  3  4  5  6  7 |
---------------+----------------------+-----
Armour         | 4 5 |  5.1
Fighting       | 4 5 |  5.1
Axes           | 3 4 |  4.0
Shields        | 5 6 |  6.1

Action                     |  1- 3 |  4- 6 |  7- 9 || total
---------------------------+-------+-------+-------++-------
  Melee: War axe           |    71 |   115 |    36 ||   222
    Use: Scroll            |     3 |     1 |     1 ||     5
         Potion            |       |     2 |     2 ||     4
 Armour: Scale mail        |    46 |    49 |       ||    95
         Ring mail         |       |     7 |    12 ||    19
  Dodge: Dodged            |    33 |    69 |    30 ||   132
  Block: Buckler           |    14 |    41 |    22 ||    77

Table legend: (Time is in decaauts)
 A = Elapsed time spent in this place.
 B = Non-inter-level travel time spent in this place.
 C = Inter-level travel time spent in this place.
 D = Time resting spent in this place.
 E = Time spent auto-exploring this place.
 F = Levels seen in this place.
 G = Mean time per level.
                   A        B        C        D        E       F      G
               +--------+--------+--------+--------+--------+-----+--------+
         Total |   3350 |   3198 |    152 |    184 |   2238 |   6 |  558.3 |
       Dungeon |   3248 |   3096 |    152 |    184 |   2166 |   5 |  649.6 |
        Temple |    102 |    102 |      0 |      0 |     72 |   1 |  102.0 |
               +--------+--------+--------+--------+--------+-----+--------+

Top non-repeatable levels by time:
     D:1: 1094 daAuts
     D:2: 790 daAuts
     D:4: 698 daAuts
     D:3: 350 daAuts
     D:5: 314 daAuts
  Temple: 102 daAuts
